 Dungeon Sprint DCSS version 0.30.1-11-g7821555f0a (webtiles) character file.

Game seed: 968370983117315921

104 Heoruswealwe the Spear-Bearer (level 4, 0/45 HPs)
             Began as a Minotaur Fighter on Nov 1, 2023.
             Slain by a centaur (3 damage)
             ... in the Dungeon (Sprint IX: "|||||||||||||||||||||||||||||").
             The game lasted 00:00:49 (57 turns).

Heoruswealwe the Spear-Bearer (Minotaur Fighter)      Turns: 57, Time: 00:00:49

Health: 0/45       AC:  3    Str: 22    XL:     4   Next: 52%
Magic:  3/3        EV:  9    Int:  5    God:
Gold:   0          SH:  4    Dex: 10    Spells: 3/3 levels left

rFire   . . .        a - +0 trident
rCold   . . .        d - +0 buckler
rNeg    . . .        c - +0 scale mail
rPois   .            (helmet restricted)
rElec   .            (no cloak)
rCorr   .            (no gloves)
SInv    .            (no boots)
Will    .....        (no amulet) Stlth
                     (no ring)
HPRegen 0.27/turn    (no ring)
MPRegen 0.08/turn

%: no teleportation
@: corroded
A: horns 2, retaliatory headbutt
a: no special abilities


You were in the Dungeon.
You visited 1 branch

Inventory:

Hand Weapons
 a - a +0 trident (weapon)
Armour
 c - a +0 scale mail (worn)
 d - a +0 buckler (worn)
Scrolls
 j - a scroll of blinking
Potions
 b - a potion of might
 e - a potion of curing
 f - a potion of heal wounds
 g - a potion of haste
 i - a potion of berserk rage


   Skills:
 + Level 6.5 Fighting
 * Level 8.0 Polearms
 + Level 6.5 Armour
 - Level 3.6 Shields


You had 3 spell levels left.
You didn't know any spells.
Your spell library was empty.

Dungeon Overview and Level Annotations

Branches:
Dungeon (1/1)

Altars:


Innate Abilities, Weirdness & Mutations

You have a pair of horns on your head.
You reflexively headbutt those who attack you in melee.


Message History

The hound is lightly wounded.
The hound barely misses you.
You closely miss the hound.
The hound is lightly wounded.
You block the hound's attack. The hound barely misses you.
You furiously retaliate!
You headbutt the hound. You barely miss the hound. You headbutt the hound.
The hound is heavily wounded.
The hound bites you.
* * * LOW HITPOINT WARNING * * *
You hit the hound but do no damage. Your headbutt misses the hound.
The hound is heavily wounded.
The hound barely misses you. The hound bites you but does no damage.
You completely miss the hound.
The hound is heavily wounded.
You block the hound's attack.
You closely miss the hound. Your headbutt misses the hound.
The hound is heavily wounded.
You block the hound's attack.
The hound stops to sniff the ground.
The hound bites you.
* * * LOW HITPOINT WARNING * * *
You closely miss the hound. Your headbutt misses the hound.
The hound is heavily wounded.
The hound completely misses you.
You hit the hound.
The hound is almost dead.
The hound bites you.
* * * LOW HITPOINT WARNING * * *
The hound barely misses you.
You barely miss the hound.
The hound is almost dead.
The hound barely misses you. You furiously retaliate!
You headbutt the hound!
You kill the hound!
The centaur wields a +0 shortbow.
The centaur shoots an arrow.
The arrow hits you!
* * * LOW HITPOINT WARNING * * *
Your Polearms skill increases to level 8!
The centaur unwields a +0 shortbow.
The centaur hits you.
You die...

▓!▓
▓.▓
▓†▓
▓.▓
▓.▓
▓.▓
▓.▓
▓.▓
▓@▓
▓c▓
▓.▓
▓.▓
▓.▓
▓.▓
▓+▓


You could see a centaur.

Vanquished Creatures
  A howler monkey (D)
  A hound (D)
  A jelly (D)
  An orc (D)
  An endoplasm (D)
  2 giant cockroaches (D)
  2 quokkas (D)
9 creatures vanquished.

Notes
Turn   | Place    | Note
-------+----------+-------------------------------------------
     0 | D        | Heoruswealwe the Minotaur Fighter began the quest for the
                  | Orb.
     0 | D        | Reached XP level 1. HP: 19/19 MP: 0/0
     6 | D        | Reached skill level 3 in Polearms
    25 | D        | Reached skill level 4 in Polearms
    32 | D        | Noticed a howler monkey
    32 | D        | Noticed a jelly
    32 | D        | Noticed a hound
    32 | D        | Noticed a centaur
    35 | D        | Killed a howler monkey
    36 | D        | Reached skill level 5 in Fighting
    36 | D        | Reached skill level 6 in Polearms
    36 | D        | Reached skill level 5 in Armour
    36 | D        | Reached XP level 2. HP: 23/29 MP: 1/1
    36 | D        | Reached XP level 3. HP: 29/36 MP: 2/2
    44 | D        | Reached skill level 7 in Polearms
    44 | D        | Reached XP level 4. HP: 34/44 MP: 3/3
    56 | D        | HP: 2/44 [centaur/arrow (7)]
    57 | D        | Reached skill level 8 in Polearms
    57 | D        | Slain by a centaur

Illustrated notes

Levels and vault maps discovered:
D:        linesprint [early_d, line_temple, items_1, d_10, items_2, lair_1,
          lair_end, items_3, orc_1, orc_end, items_4, d_15, swamp_1, shoals_1,
          snake_1, spider_1, d_20, vaults_1, items_5, swamp_end, shoals_end,
          snake_end, spider_end, vaults_end, d_27, items_6, zot_1, zot_end,
          crypt_end, forest_end, elf_end, slime_end, tomb_end, abyss_end,
          pan_hell_end]

Skill      XL: |  1  2  3  4 |
---------------+-------------+-----
Polearms       | 6 7 8 |  8.0
Fighting       | 5 6 |  6.5
Armour         | 5 6 |  6.5
Shields        | |  3.6

Action                     |  1- 3 |  4- 6 || total
---------------------------+-------+-------++-------
  Melee: Trident           |    31 |    13 ||    44
         Headbutt          |     2 |     2 ||     4
 Armour: Scale mail        |    11 |     1 ||    12
  Dodge: Dodged            |    12 |     6 ||    18
  Block: Buckler           |     4 |     3 ||     7
